 Dungeon Crawl Stone Soup version 0.25-a0-62-g88673ef095 (webtiles) character file.

Game seed: 7034795470855706281, levelgen mode: deterministic

81 iamserjio the Ducker (level 4, -3/30 HPs)
             Began as an Octopode Air Elementalist on Nov 1, 2019.
             Slain by an orc
             ... wielding a +0 club
              (4 damage)
             ... on level 2 of the Dungeon.
             The game lasted 00:02:23 (2074 turns).

iamserjio the Ducker (Octopode Air Elementalist)    Turns: 2074, Time: 00:02:23

Health: -3/30      AC:  1    Str:  8    XL:     4   Next: 40%
Magic:  3/7        EV: 14    Int: 17    God:
Gold:   111        SH:  0    Dex: 12    Spells: 4/7 levels left

rFire    + . .     SeeInvis .   a - +0 dagger
rCold    + . .     Gourm    .   (no shield)
rNeg     . . .     Faith    .   (helmet restricted)
rPois    +         Spirit   .   (no amulet)
rElec    +         Reflect  .   (no ring)
rCorr    +         Harm     .   (no ring)
MR       .....                  (no ring)
Stlth    +++.......             (no ring)
HPRegen  0.10/turn              (no ring)
MPRegen  0.10/turn              (no ring)
                                (no ring)
                                (no ring)

@: resistant, very slightly contaminated
A: almost no armour, stealthy swim, amphibious, 8 rings, constrict 8, tentacle
spike 1, camouflage 1, blurry vision 1, gelatinous body 1
a: no special abilities


You were on level 2 of the Dungeon.
You were hungry.

You visited 1 branch of the dungeon, and saw 2 of its levels.

You collected 111 gold pieces.

Inventory:

Hand Weapons
 a - a +0 dagger (weapon)
Jewellery
 g - an uncursed ring of protection from magic {unknown}
Scrolls
 e - 3 scrolls of identify {unknown}
 f - a scroll of fear {unknown}
 h - a scroll of remove curse {unknown}
 j - a scroll of teleportation {unknown}
 k - a scroll of random uselessness {unknown}
 l - a scroll of fog {unknown}
 o - a scroll of immolation {unknown}
Potions
 c - 3 potions of mutation
 i - a potion of curing {@q1}
 n - a potion of heal wounds {unknown}
Comestibles
 b - 6 rations


   Skills:
 * Level 2.5 Fighting
 * Level 3.3 Dodging
 - Level 2.6 Stealth
 - Level 2.0 Spellcasting
 - Level 1.0 Conjurations
 + Level 3.1 Air Magic


You had 4 spell levels left.
You knew the following spells:

 Your Spells              Type           Power        Failure   Level  Hunger
a - Shock                 Conj/Air       #...         9%          1    #......
b - Swiftness             Chrm/Air       #.......     16%         2    ###....

Your spell library contained the following spells:

 Spells                   Type           Power        Failure   Level  Hunger
 Static Discharge         Conj/Air       #.......     26%         3    ###....
 Airstrike                Air            ##........   47%         4    #####..
 Lightning Bolt           Conj/Air       #.........   93%         5    ######.


Dungeon Overview and Level Annotations

Branches:
Dungeon (2/15)

Altars:
Makhleb


Innate Abilities, Weirdness & Mutations

You cannot wear most types of armour.
You are very stealthy in the water. (Stealth+)
You are amphibious.
You can wear up to eight rings at the same time.
You can use your tentacles to constrict eight enemies at once.
Your skin changes colour to match your surroundings (Stealth+).
Your rubbery body absorbs attacks. (AC +1, EV +1)
One of your tentacles bears a spike.
Scrolls take you a little longer to read.


Message History

The orc closely misses you.
You hit the orc.
You constrict the orc, but do no damage.
The orc barely misses you. The orc misses you.
You hit the orc.
You kill the orc!
The orc priest calls down the wrath of Beogh upon you.
Beogh smites you!
* * * LOW HITPOINT WARNING * * *
It was a potion of mutation.
You feel extremely strange.
Your vision blurs.
One of your lower tentacles grows a sharp spike.
The orc misses you.
It was a potion of curing.
You feel better. The orc hits you with a +0 club.
* * * LOW HITPOINT WARNING * * *
The orc priest barely misses you.
It was a potion of resistance.
You feel protected. The orc hits you with a +0 club.
You die...

.#....#.#...#...## #..#####.#
<....(...........##....# ##.#
.....................#..##..##
....###............#.##......#
.##.#........................##
.##...##....o.)...............##
###.#####...#....##.#########..#
#. ####...#o##........###.# ..
#.## #..###@o#..#...#..##.# ..
..# #.## ##............#.##
.###.# ##.# #...........⌠#...
...#.####..# #............#...
###.#..#...## #....#...#..##...
.....#.#.### #..........###...
###.....(## #...#########....
.##...<...#######.)..............
÷...##.#.......##.....########...


You could see an orc priest and an orc.

Vanquished Creatures
  An orc priest (D:2)
  A gnoll (D:1)
  2 leopard geckos
  2 orcs (D:2)
  8 bats (D:1)
  2 hobgoblins (D:1)
  4 jackals (D:1)
  3 kobolds
  3 frilled lizards
  8 goblins
  4 rats
38 creatures vanquished.

Notes
Turn   | Place    | Note
-------+----------+-------------------------------------------
     0 | D:1      | iamserjio the Octopode Air Elementalist began the quest for
                  | the Orb.
     0 | D:1      | Reached XP level 1. HP: 11/11 MP: 3/3
   183 | D:1      | Reached skill level 1 in Fighting
   183 | D:1      | Reached XP level 2. HP: 13/18 MP: 0/5
   630 | D:1      | Reached XP level 3. HP: 24/24 MP: 0/6
  1646 | D:2      | Learned a level 2 spell: Swiftness
  1702 | D:2      | Found a burning altar of Makhleb.
  1704 | D:2      | Noticed a green death
  2059 | D:2      | Reached XP level 4. HP: 30/30 MP: 1/7
  2072 | D:2      | Gained mutation: Scrolls take you a little longer to read.
                  | [potion of mutation]
  2072 | D:2      | Gained mutation: One of your tentacles bears a spike.
                  | [potion of mutation]
  2073 | D:2      | HP: 1/30 [orc/+0 club (6)]
  2074 | D:2      | Slain by an orc

Levels and vault maps discovered:
D:1:      dpeg_arrival_rooms_c, layout_basic
D:2:      cheibrodos_pilgrimage, layout_rooms, minivault_14,
          makhleb_altar_promises_db

Skill      XL: |  1  2  3 |
---------------+----------+-----
Fighting       | 1 2 |  2.5
Dodging        | 3 |  3.3
Stealth        | |  2.6
Spellcasting   | |  2.0
Conjurations   | |  1.0
Air Magic      | |  3.1

Action                   |  1- 3 |  4- 6 || total
-------------------------+-------+-------++-------
Melee: Unarmed           |    23 |       ||    23
       Constrict         |    15 |     2 ||    17
       Tentacles         |     6 |       ||     6
       Dagger            |    27 |    10 ||    37
 Cast: Shock             |    54 |       ||    54
  Use: Potion            |       |     3 ||     3
 Stab: Sleeping          |     3 |       ||     3
  Eat: Chunk             |     4 |       ||     4
Armor: Skin              |    13 |     1 ||    14
Dodge: Dodged            |    51 |    12 ||    63

Table legend:
 A = Non-vault XP
 B = Vault XP
 C = Vault XP percentage of total XP
 D = Non-vault monster count
 E = Vault monster count
 F = Vault count percentage of total count
                 A         B        C        D         E       F
            +---------+---------+-------+---------+---------+-------
      Total |      69 |      47 |  40.5 |      35 |       3 |   7.9
            +---------+---------+-------+---------+---------+-------
        D:1 |      53 |       0 |   0.0 |      25 |       0 |   0.0
        D:2 |      16 |      47 |  74.6 |      10 |       3 |  23.1
            +---------+---------+-------+---------+---------+-------
